 Dungeon Crawl Stone Soup version 0.20.0-15-g7f486f2 (webtiles) character file.

3857 vishdafish the Cleaver (level 9, -12/63 HPs)
             Began as a Minotaur Fighter on June 20, 2017.
             Was a Priest of Okawaru.
             Mangled by a death yak (21 damage)
             ... on level 7 of the Dungeon.
             The game lasted 00:21:32 (6733 turns).

vishdafish the Cleaver (Minotaur Fighter)           Turns: 6733, Time: 00:21:33

Health: -12/63     AC: 12    Str: 27    XL:     9   Next: 99%
Magic:  9/9        EV: 10    Int:  5    God:    Okawaru [***...]
Gold:   380        SH: 12    Dex: 12    Spells: 8/8 levels left

rFire    . . .     SeeInvis .   a - +0 war axe
rCold    + . .     Gourm    .   c - +0 shield
rNeg     . . .     Faith    .   x - +2 scale mail {rC+}
rPois    +         Spirit   .   (helmet restricted)
rElec    +         Reflect  .   (no cloak)
rCorr    .         Harm     .   (no gloves)
MR       .....                  (no boots)
Stlth    +.........             (no amulet)
Regen    0.2/turn               e - ring of stealth
MPRegen  0.2/turn               D - +4 ring of slaying

@: mighty, flying (expiring)
A: retaliatory headbutt, horns 2, icy blue scales 1, frail 2, high mp 1, poison
resistance, electricity resistance
a: Heroism, Renounce Religion


You were on level 7 of the Dungeon.
You worshipped Okawaru.
Okawaru was most pleased with you.
You were not hungry.

You visited 2 branches of the dungeon, and saw 9 of its levels.
You also visited: Ossuary.

You collected 380 gold pieces.

Inventory:

Hand Weapons
 a - a +0 war axe (weapon)
Armour
 b - a +0 scale mail
 c - a +0 shield (worn)
 v - a +2 helmet
 x - a +2 scale mail of cold resistance (worn)
Magical Staves
 E - an uncursed staff of conjuration
Jewellery
 e - a ring of stealth (left hand)
 y - a +2 ring of intelligence
 D - a +4 ring of slaying (right hand)
Wands
 n - a wand of flame (28/48)
 t - a wand of flame (0/48)
Scrolls
 f - a scroll of blinking {unknown}
 h - 2 scrolls of magic mapping
 j - a scroll of enchant weapon {unknown}
 k - a scroll of amnesia {unknown}
 l - a scroll of noise {unknown}
 m - 10 scrolls of teleportation
 p - a scroll of random uselessness {unknown}
 r - 4 scrolls of remove curse
 u - a scroll of fog {unknown}
 w - 2 scrolls of enchant armour {unknown}
 F - a scroll of immolation {unknown}
Potions
 d - 3 potions of lignification
 g - 6 potions of curing
 s - 3 potions of flight
 B - a potion of cancellation
Books
 z - a book of Transfigurations

   Spells                             Type                      Level
   a - Irradiate                      Conjuration/Transmutation    5
   b - Statue Form                    Transmutation/Earth          6
   c - Hydra Form                     Transmutation                6
   d - Dragon Form                    Transmutation                7
Comestibles
 o - 2 royal jellies
 A - 20 fruits
 C - 2 bread rations
 G - a meat ration


   Skills:
 + Level 7.0 Fighting
 + Level 11.4 Axes
 + Level 8.1 Armour
 + Level 3.6 Dodging
 - Level 1.0 Stealth
 + Level 8.2 Shields
 + Level 0.8 Evocations


You had 8 spell levels left.
You didn't know any spells.

Dungeon Overview and Level Annotations

Branches:
Dungeon (8/15)             Temple (1/1) D:4
   Lair: D:8-11

Altars:
Cheibriados
Dithmenos
Elyvilon
Fedhas
Gozag
Hepliaklqana
Kikubaaqudgha
Makhleb
Nemelex Xobeh
Okawaru
Ru
Sif Muna
Trog
Uskayaw
Yredelemnul
The Shining One

Shops:
D:5 }


Innate Abilities, Weirdness & Mutations

You reflexively headbutt those who attack you in melee.
You have a pair of horns on your head.
You are partially covered in icy blue scales. (AC +2)
You are very frail. (-20% HP)
You have an increased reservoir of magic. (+10% MP)
Your system is resistant to poisons. (rPois)
You are resistant to electric shocks. (rElec)


Message History

Your Shields skill increases to level 8!
You start resting.
You are starting to lose your buoyancy.
You fly downwards.
The death yak gores you! You block the death yak's attack.
There is a stone staircase leading up here.
You block the death yak's attack.
You fly upwards.
There is a stone staircase leading down, spattered with blood here.
You barely miss the death yak. You headbutt the death yak!
The death yak is moderately wounded.
The death yak barely misses you. You furiously retaliate!
You headbutt the death yak! You slash the death yak!
The death yak is heavily wounded.
The death yak gores you!
* * * LOW HITPOINT WARNING * * *
You slash the death yak! You headbutt the death yak!
The death yak is severely wounded.
The death yak gores you!!
You die...

#...........#......
#..................
#.......#..####.###
#.......#..##.....#
#.......#..#.......
#..(....##.#.......
##(((....##....._...
#........##.#.......
#.Y@†.......#.......
#...........##.....#
#...........####.###
#...................
#..............#....
#...................
#...................
#..................#
##..................#


You could see a death yak.

Vanquished Creatures
  A death yak (D:7)
  Pikel (D:8)
  The ghost of vishdafish the Shield-Bearer, a novice GrFi of Okawaru (D:7)
  Grinder (D:3)
  A sky beast (D:5)
  3 ogres
  2 phantoms
  A centaur (D:7)
  A big kobold (D:5)
  4 elf zombies (Ossuary)
  A bullfrog (D:6)
  A wyvern zombie (D:7)
  2 scorpions (D:4)
  2 vampire bats (D:5)
  2 howler monkeys (D:7)
  2 crimson imps
  A quasit (D:6)
  2 hounds
  3 orc priests
  An orc wizard (D:7)
  A bullfrog skeleton (D:4)
  3 iguanas
  A gnoll shaman (D:6)
  Terence (D:3)
  A hell rat (D:8)
  4 worker ants
  2 big kobold zombies (Ossuary)
  A hound zombie (D:7)
  A hound skeleton (D:7)
  2 mummies (Ossuary)
  A worker ant zombie (D:6)
  Robin (D:3)
  7 gnolls
  7 adders
  A river rat (D:8)
  2 shadow imps
  An adder skeleton (D:7)
  3 worms
  A dart slug (D:1)
  2 leopard geckos
  20 orcs
  7 bats
  2 bat skeletons (D:5)
  4 bat zombies (D:5)
  5 giant cockroaches
  19 goblins
  6 hobgoblins
  2 jackals (D:4)
  A quokka (D:7)
  2 ball pythons
  4 frilled lizards
  14 hobgoblin zombies (Ossuary)
  A jackal zombie (Ossuary)
  9 kobolds
  7 kobold zombies (Ossuary)
  A leopard gecko skeleton (D:6)
  A leopard gecko zombie (D:7)
  6 orc zombies (Ossuary)
  12 rats
  2 rat zombies (Ossuary)
201 creatures vanquished.

Vanquished Creatures (others)
  A slave (D:8)
  A shadow imp (D:8)
2 creatures vanquished.

Grand Total: 203 creatures vanquished

Notes
Turn   | Place    | Note
-------+----------+-------------------------------------------
     0 | D:1      | vishdafish the Minotaur Fighter began the quest for the Orb.
     0 | D:1      | Reached XP level 1. HP: 19/19 MP: 0/0
   171 | D:1      | Reached XP level 2. HP: 23/27 MP: 1/1
   634 | D:2      | Reached XP level 3. HP: 28/33 MP: 2/2
   746 | D:2      | Reached skill level 3 in Axes
  1315 | D:3      | Noticed Robin
  1327 | D:3      | Reached XP level 4. HP: 40/40 MP: 3/3
  1343 | D:3      | Killed Robin
  1381 | D:3      | Noticed Terence
  1389 | D:3      | Killed Terence
  1389 | D:3      | Reached XP level 5. HP: 22/46 MP: 4/4
  1625 | D:3      | Noticed Grinder
  1629 | D:3      | Paralysed by Grinder for 6 turns
  1637 | D:3      | Killed Grinder
  1637 | D:3      | Reached skill level 4 in Axes
  1637 | D:3      | Reached skill level 5 in Armour
  1637 | D:3      | Reached skill level 1 in Dodging
  1637 | D:3      | Reached skill level 5 in Shields
  1637 | D:3      | Reached XP level 6. HP: 11/53 MP: 5/5
  1918 | D:3      | Found a burning altar of Makhleb.
  1923 | D:3      | Reached skill level 5 in Axes
  2340 | D:4      | Found a sand-covered staircase.
  2356 | Ossuary  | Entered an ossuary
  2559 | Ossuary  | Reached XP level 7. HP: 32/60 MP: 6/6
  2562 | Ossuary  | Reached skill level 6 in Axes
  2579 | Ossuary  | Reached skill level 7 in Axes
  2928 | D:4      | Found a staircase to the Ecumenical Temple.
  2968 | Temple   | Entered the Ecumenical Temple
  2984 | Temple   | Became a worshipper of Warmaster Okawaru
  3073 | D:4      | Reached skill level 5 in Fighting
  3073 | D:4      | Reached skill level 8 in Axes
  3073 | D:4      | Reached XP level 8. HP: 21/68 MP: 7/7
  3886 | D:5      | Entered Level 5 of the Dungeon
  4151 | D:5      | Found an opulent altar of Gozag.
  4217 | D:5      | Found Mareir's Gadget Boutique.
  4252 | D:5      | Found a shadowy altar of Dithmenos.
  4296 | D:5      | Noticed a hand axe
  4296 | D:5      | Noticed a hand axe
  4297 | D:5      | Found a hide-covered altar of Uskayaw.
  4373 | D:5      | Reached * piety under Okawaru
  4373 | D:5      | Reached skill level 9 in Axes
  4442 | D:5      | Found an ancient bone altar of Kikubaaqudgha.
  4755 | D:6      | Gained mutation: You are frail. (-10% HP) [potion of mutation]
  4755 | D:6      | Gained mutation: You have an increased reservoir of magic. (+10% MP) [potion of mutation]
  4756 | D:6      | Gained mutation: You are partially covered in icy blue scales. (AC +2) [mutagenic meat]
  4757 | D:6      | Gained mutation: Your system is resistant to poisons. (rPois) [mutagenic meat]
  4759 | D:6      | Gained mutation: You are resistant to electric shocks. (rElec) [mutagenic meat]
  4760 | D:6      | Gained mutation: You are very frail. (-20% HP) [mutagenic meat]
  5052 | D:6      | Found a white marble altar of Elyvilon.
  5074 | D:6      | Reached ** piety under Okawaru
  5074 | D:6      | Reached XP level 9. HP: 51/60 MP: 9/9
  5173 | D:6      | Reached skill level 1 in Stealth
  5624 | D:7      | Noticed vishdafish's ghost (novice GrFi)
  5638 | D:7      | Killed vishdafish's ghost
  5638 | D:7      | Reached skill level 10 in Axes
  5843 | D:7      | Found a bloodstained altar of Trog.
  6512 | D:8      | Noticed a death yak
  6606 | D:8      | Noticed Pikel
  6617 | D:8      | Killed Pikel
  6617 | D:8      | Reached skill level 11 in Axes
  6666 | D:8      | Noticed a death yak
  6667 | D:8      | Noticed a death yak
  6698 | D:7      | Killed a death yak
  6698 | D:7      | Reached *** piety under Okawaru
  6733 | D:7      | Mangled by a death yak

Skill      XL: |  1  2  3  4  5  6  7  8  9 |
---------------+----------------------------+-----
Shields        | 4 5 6 7 8 |  8.2
Fighting       | 4 5 7 |  7.0
Armour         | 4 5 7 8 |  8.1
Axes           | 3 4 5 8 9 11 | 11.4
Dodging        | 1 2 3 |  3.6
Stealth        | 1 |  1.0
Evocations     | |  0.8

Action                   |  1- 3 |  4- 6 |  7- 9 || total
-------------------------+-------+-------+-------++-------
Melee: War axe           |   121 |   131 |   305 ||   557
       Headbutt          |    17 |    24 |    48 ||    89
Evoke: Wand              |       |       |     8 ||     8
  Use: Potion            |       |     2 |     9 ||    11
       Scroll            |       |     4 |     6 ||    10
  Eat: Bread ration      |     1 |     1 |       ||     2
       Chunk             |       |       |     5 ||     5
       Meat ration       |       |       |     2 ||     2
       Royal jelly       |       |       |     1 ||     1
Armor: Scale mail        |    52 |    55 |   107 ||   214
Dodge: Dodged            |    41 |    38 |   112 ||   191
Block: Shield            |    68 |    87 |   165 ||   320
